 Dungeon Crawl Stone Soup version 0.29-a0-319-gad05b8d819 (webtiles) character file.

Game seed: 14160061884079533235

250 Flugslaktarn the Vexing (level 5, -1/43 HPs)
             Began as a Palentonga Enchanter on Apr 2, 2022.
             Slain by a white imp (2 damage)
             ... on level 5 of the Dungeon.
             The game lasted 00:09:22 (1076 turns).

Flugslaktarn the Vexing (Palentonga Enchanter)      Turns: 1076, Time: 00:09:23

Health: -1/43      AC:  7    Str: 11    XL:     5   Next: 88%
Magic:  7/8        EV:  9    Int: 18    God:
Gold:   113        SH:  0    Dex: 14    Spells: 6/8 levels left

rFire   + . .      SeeInvis +   a - +1 dagger
rCold   . . .      Faith    .   (no shield)
rNeg    . . .      Spirit   .   w - +2 leather armour of Indemnity {Dex+4}
rPois   .          Reflect  .   f - +0 helmet
rElec   .          Harm     .   (no cloak)
rCorr   .          Rampage  .   (no gloves)
Will    .....                   (no barding)
Stlth   ++........              (no amulet)
HPRegen 0.14/turn               p - ring of protection from fire
MPRegen 0.11/turn               (no ring)

@: no status effects
A: large, rugged brown scales 3, see invisible, deformed body, roll 1, armoured
tail
a: Rolling Charge


You were on level 5 of the Dungeon.
You visited 1 branch of the dungeon, and saw 5 of its levels.

You collected 113 gold pieces.

Inventory:

Hand Weapons
 a - a +1 dagger (weapon)
 r - a +0 flail
   (You found it on level 3 of the Dungeon)
Missiles
 g - 10 boomerangs
 v - a throwing net
Armour
 b - a +0 robe
 f - a +0 helmet (worn)
   (You found it on level 2 of the Dungeon)
 o - a +0 robe of willpower
   (You found it on level 3 of the Dungeon)
 w - the +2 leather armour of Indemnity (worn) {Dex+4}
   (You found it on level 3 of the Dungeon)

   Dex:       It affects your dexterity (+4).
Jewellery
 p - a ring of protection from fire (left hand)
   (You found it on level 2 of the Dungeon)
 t - a ring of fire
   (You found it on level 2 of the Dungeon)
Scrolls
 d - a scroll of teleportation {unknown}
 e - a scroll of fear
 h - 2 scrolls of noise
 i - a scroll of vulnerability {unknown}
 j - a scroll of immolation
 k - a scroll of identify {unknown}
 l - a scroll of blinking {unknown}
 n - 3 scrolls of fog
 q - a scroll of summoning {unknown}
Potions
 c - a potion of invisibility
 s - 3 potions of curing {unknown}
 u - a potion of brilliance {unknown}


   Skills:
 + Level 3.4 Fighting
 - Level 3.0 Short Blades
 - Level 1.5 Dodging
 - Level 2.0 Stealth
 - Level 2.0 Spellcasting
 - Level 4.0 Hexes
 + Level 1.6 Ice Magic


You had 6 spell levels left.
You knew the following spells:

 Your Spells              Type           Power      Damage    Failure   Level
a - Ensorcelled Hibernat  Hex/Ice        22%        N/A       12%         2

Your spell library contained the following spells:

 Spells                   Type           Power      Damage    Failure   Level
 Confusing Touch          Hex            16%        N/A       14%         3
 Tukima's Dance           Hex            16%        N/A       14%         3
 Dazzling Flash           Conj/Hex       18%        N/A       30%         3
 Summon Forest            Summ/Tloc      0%         N/A       100%        5
 Eringya's Noxious Bog    Tmut/Pois      0%         N/A       100%        6
 Summon Hydra             Summ           0%         N/A       100%        7


Dungeon Overview and Level Annotations

Branches:
Dungeon (5/15)
 Temple: D:4-7

Altars:
Ru
Yredelemnul


Innate Abilities, Weirdness & Mutations

You are completely covered in rugged brown scales. (AC +3, +7% HP)
You have supernaturally acute eyesight. (SInv)
Armour fits poorly on your strangely shaped body.
You can roll at nearby foes to attack.
You have a long armoured tail.


Message History

Press: ? - help, Shift-Dir - straight line, f - bat
Aim: a bat (chance to affect: 62%)
The bat resists with significant effort.
The bat barely misses you.
Casting: Ensorcelled Hibernation (safe; 12% risk of failure)
Confirm with . or Enter, or press ? or * to list all spells.
Aiming: Ensorcelled Hibernation (safe; 12% risk of failure)
Press: ? - help, Shift-Dir - straight line, f/p - bat
Aim: a bat (chance to affect: 62%)
The bat resists with significant effort.
The bat hits you but does no damage. The bat hits you but does no damage.
Casting: Ensorcelled Hibernation (safe; 12% risk of failure)
Confirm with . or Enter, or press ? or * to list all spells.
Aiming: Ensorcelled Hibernation (safe; 12% risk of failure)
Press: ? - help, Shift-Dir - straight line, f/p - bat
Aim: a bat (chance to affect: 62%)
The bat looks drowsy...
The helpless bat fails to defend itself.
You puncture the bat!
You kill the bat!
Found a stone staircase leading down.
Found 4 gold pieces.
You now have 113 gold pieces (gained 4).
There is a stone staircase leading down here.
You climb downwards.
Found a stone staircase leading down and a stone staircase leading up.
There is a stone staircase leading up here.
Unknown command.
An ogre comes into view. It is wielding a +0 giant club.
Found a sacrificial altar of Ru.
You aren't carrying any items that you can evoke.
Unknown command.
Okay, then.
There is a stone staircase leading down here.
You climb downwards.
There is a stone staircase leading up here.
The helpless adder fails to defend itself.
You puncture the adder!
You kill the adder!
A white imp comes into view.
The white imp shouts!
Casting: Ensorcelled Hibernation (safe; 12% risk of failure)
Confirm with . or Enter, or press ? or * to list all spells.
You can't see any susceptible monsters within range! (Use Z to cast anyway.) Unknown command.
You hit the white imp.
The white imp is moderately wounded.
The white imp hits you but does no damage.
You hit the white imp but do no damage.
The white imp is moderately wounded.
The white imp hits you. The white imp freezes you.
You hit the white imp.
The white imp is heavily wounded.
The white imp gestures at you. The puff of frost hits you.
You hit the white imp but do no damage.
The white imp is heavily wounded.
The white imp disappears for a moment.
The white imp closely misses you.
You hit the white imp but do no damage.
Your tail-slap misses the white imp.
The white imp is heavily wounded.
The white imp hits you. The white imp freezes you.
You closely miss the white imp.
The white imp is heavily wounded.
The white imp disappears for a moment.
The white imp gestures at you. The puff of frost hits you.
* * * LOW HITPOINT WARNING * * *
You hit the white imp.
The white imp is severely wounded.
You hit the white imp but do no damage.
The white imp is severely wounded.
The white imp barely misses you.
You closely miss the white imp.
The white imp is severely wounded.
The white imp gestures at you. The puff of frost hits you.
* * * LOW HITPOINT WARNING * * *
Unknown command.
You hit the white imp but do no damage. You tail-slap the white imp.
The white imp is almost dead.
The white imp hits you but does no damage.
You closely miss the white imp.
The white imp is almost dead.
The white imp gestures at you. The puff of frost hits you.
* * * LOW HITPOINT WARNING * * *
Unknown command.
You closely miss the white imp.
The white imp is almost dead.
The white imp completely misses you.
You closely miss the white imp.
The white imp is almost dead.
You closely miss the white imp.
The white imp is almost dead.
The white imp hits you.
* * * LOW HITPOINT WARNING * * *
The white imp freezes you.
You die...

#########
##.......#
#.8##.##8.#
#.##...##
#.#.8.8.#
#.#..<..#
#.#.8.8.#
#.##...##
#@8#####
##5......
###+###


You could see a white imp.

Vanquished Creatures
  Sigmund (D:3)
  A gnoll (D:2)
  5 adders
  A worm (D:2)
  A dart slug (D:2)
  An orc (D:3)
  3 ball pythons
  2 bats
  3 endoplasms
  3 hobgoblins
  5 frilled lizards
  5 goblins
  A kobold (D:1)
  6 rats
38 creatures vanquished.

Notes
Turn   | Place    | Note
-------+----------+-------------------------------------------
     0 | D:1      | Flugslaktarn the Palentonga Enchanter began the quest for
                  | the Orb.
     0 | D:1      | Reached XP level 1. HP: 13/13 MP: 3/3
    41 | D:1      | Reached skill level 1 in Fighting
   228 | D:2      | Reached XP level 2. HP: 12/23 MP: 5/5
   278 | D:2      | Learned a level 2 spell: Ensorcelled Hibernation
   322 | D:1      | Reached XP level 3. HP: 11/29 MP: 6/6
   460 | D:1      | You fall into a shaft and drop 1 floor!
   648 | D:3      | Found a basalt altar of Yredelemnul.
   755 | D:2      | Reached skill level 1 in Ice Magic
   792 | D:2      | Reached XP level 4. HP: 32/36 MP: 3/7
   898 | D:3      | Noticed a +0 dagger
   898 | D:3      | Noticed a +0 falchion
   898 | D:3      | Noticed a +0 falchion
   898 | D:3      | Noticed a +0 dagger
   898 | D:3      | Noticed a +0 spear
   898 | D:3      | Noticed a +0 short sword
   899 | D:3      | Noticed a +0 spear
   900 | D:3      | Noticed a +0 short sword
   915 | D:3      | Identified the +2 leather armour of Indemnity {Dex+4}
   934 | D:3      | Noticed Sigmund
   965 | D:3      | Killed Sigmund
   966 | D:3      | Reached skill level 4 in Hexes
   966 | D:3      | Reached XP level 5. HP: 19/43 MP: 1/8
  1035 | D:4      | Noticed an ogre
  1041 | D:4      | Found a sacrificial altar of Ru.
  1047 | D:5      | Entered Level 5 of the Dungeon
  1076 | D:5      | HP: 1/43 [white imp (2)]
  1076 | D:5      | Slain by a white imp

Illustrated notes

Levels and vault maps discovered:
D:1:      eino_arrival_tree_alley, layout_loops_ring
D:2:      layout_rooms, serial_shops, shop,
          dreamdust_ecumenical_altar_drowned_temple
D:3:      layout_basic, lemuel_coloured_pillars_altar,
          mainiacjoe_overflow_24_doors, nicolae_uskayaw_en_pointe, uniq_sigmund
D:4:      layout_cave_pods, nicolae_ru_sacrificial_ziggurat, serial_shops,
          nicolae_shop_crystal, serial_park_tiny_2, minmay_cupped
D:5:      layout_loops_ring, serial_shops, nicolae_shop_waterfront,
          kb_lookout_dungeons_type, minmay_misc_feat_diagonals,
          grunt_ministairs_11

Skill      XL: |  1  2  3  4 |
---------------+-------------+-----
Fighting       | 1 2 3 |  3.4
Ice Magic      | 1 |  1.6
Hexes          | 4 |  4.0
Short Blades   | 3 |  3.0
Dodging        | |  1.5
Stealth        | |  2.0
Spellcasting   | |  2.0

Action                   |  1- 3 |  4- 6 || total
-------------------------+-------+-------++-------
Melee: Dagger            |    91 |    48 ||   139
       Tailslap          |     9 |     7 ||    16
 Cast: Ensorcelled Hiber |    11 |     8 ||    19
 Abil: Rolling Charge    |    19 |     4 ||    23
  Use: Potion            |     1 |     1 ||     2
       Scroll            |     3 |     1 ||     4
 Stab: Sleeping          |     4 |     2 ||     6
Armor: Robe              |    25 |     7 ||    32
       Leather armour    |       |     9 ||     9
Dodge: Dodged            |    23 |     9 ||    32

Table legend: (Time is in decaauts)
 A = Elapsed time spent in this place.
 B = Non-inter-level travel time spent in this place.
 C = Inter-level travel time spent in this place.
 D = Time resting spent in this place.
 E = Time spent auto-exploring this place.
 F = Levels seen in this place.
 G = Mean time per level.
                   A        B        C        D        E       F      G
               +--------+--------+--------+--------+--------+-----+--------+
         Total |   1071 |   1071 |      0 |      0 |     45 |   5 |  214.2 |
       Dungeon |   1071 |   1071 |      0 |      0 |     45 |   5 |  214.2 |
               +--------+--------+--------+--------+--------+-----+--------+

Top non-repeatable levels by time:
     D:1: 437 daAuts
     D:3: 302 daAuts
     D:2: 292 daAuts
     D:5: 26 daAuts
     D:4: 12 daAuts
